cohdb
Replays
Latest Replays
All Replays
Popular Replays
Top Player Replays
Match Explorer
How It Works
Community
CoH3 Stats
Reddit
Sign in to upload your games and track your stats! →
Sign in with Steam
Match 42358471
Unlisted
Match 42358471
Overview
Messages
Build Orders
End
Construct Infanterie Kompanie
Selects Luftwaffe Battlegroup
Selects Luftwaffe Pioneer Support
Fallschirmpioneer Squad Paradrop
MG 42 Machine Gun Team
GrW 34 Mortar Team
Medical Station
MG 42 Machine Gun Team
Selects Stuka Strafing Run
Selects Fallschirmjäger Squad Paradrop
Fallschirmjäger Squad Paradrop
Fallschirmjäger Squad Paradrop
Fallschirmjäger Squad Paradrop
9CUATRO
✠Baron Von Dorf✠ (SF9912)
vsatanner
Tok3n x Operator
TechT0nic
MonoChrome
0
0
Comments
sign in to comment!
No comments posted yet!